 Dungeon Crawl Stone Soup version 0.29.1-1-gd02db6906a (webtiles) character file.

Game seed: 645333274499568538

282 GigaChad the Trooper (level 6, 0/56 HPs)
             Began as a Minotaur Fighter on Oct 14, 2022.
             Slain by a gnoll bouda
             ... wielding a +0 whip
              (2 damage)
             ... on level 4 of the Dungeon.
             The game lasted 00:08:15 (3811 turns).

GigaChad the Trooper (Minotaur Fighter)             Turns: 3811, Time: 00:08:16

Health: 0/56       AC:  8    Str: 23    XL:     6   Next: 6%
Magic:  5/5        EV:  9    Int:  5    God:
Gold:   136        SH:  4    Dex:  9    Spells: 5/5 levels left

rFire   . . .      SeeInvis .   a - +0 flail
rCold   . . .      Faith    .   c - +0 buckler
rNeg    . . .      Spirit   .   b - +0 scale mail
rPois   .          Reflect  .   (helmet restricted)
rElec   .          Harm     .   j - +0 cloak
rCorr   .          Rampage  .   (no gloves)
Will    .....                   (no boots)
Stlth   ..........              (no amulet)
HPRegen 0.18/turn               (no ring)
MPRegen 0.09/turn               (no ring)

@: weakened
A: horns 2, retaliatory headbutt
a: no special abilities


You were on level 4 of the Dungeon.
You visited 1 branch of the dungeon, and saw 4 of its levels.

You collected 136 gold pieces.

Inventory:

Hand Weapons
 a - a +0 flail (weapon)
 m - a +3 quarterstaff of chaos
 n - a +2 hammer of distortion
 t - a +0 morningstar
Missiles
 l - 2 poisoned darts
 w - 5 javelins (quivered)
Armour
 b - a +0 scale mail (worn)
 c - a +0 buckler (worn)
 h - a +0 pair of boots
 j - a +0 cloak (worn)
 s - a +0 kite shield
Scrolls
 e - 2 scrolls of immolation
 k - a scroll of amnesia {unknown}
 o - a scroll of butterflies {unknown}
 q - a scroll of identify
 u - a scroll of silence
 x - a scroll of fear {unknown}
Potions
 d - a potion of might
 f - 3 potions of degeneration {unknown}
 g - 3 potions of curing {unknown}
 i - 4 potions of brilliance {unknown}
 r - a potion of lignification {unknown}
 v - 2 potions of cancellation {unknown}


   Skills:
 + Level 5.5 Fighting
 - Level 5.1 Maces & Flails
 - Level 4.1 Armour
 - Level 5.0 Shields


You had 5 spell levels left.
You didn't know any spells.
Your spell library was empty.

Dungeon Overview and Level Annotations

Branches:
Dungeon (4/15)
 Temple: D:4-7

Altars:

Shops:
D:3 ?


Innate Abilities, Weirdness & Mutations

You have a pair of horns on your head.
You reflexively headbutt those who attack you in melee.


Message History

The gnoll hits you from afar with a +0 halberd.
You barely miss the gnoll bouda.
The gnoll hits you from afar with a +0 halberd.
The gnoll bouda hits you but does no damage.
You closely miss the gnoll bouda. The gnoll barely misses you.
The gnoll bouda gazes fiercely through you!
You feel your attacks grow feeble. You block the gnoll bouda's attack.
You hit the gnoll bouda but do no damage.
The gnoll hits you from afar with a +0 halberd!
* * * LOW HITPOINT WARNING * * *
The gnoll bouda closely misses you.
You sock the gnoll bouda!
You headbutt the gnoll bouda, but do no damage.
The gnoll bouda is moderately wounded.
The gnoll bouda barks out a call to the hunt!
The gnoll picks up the pace!
You block the gnoll's attack. The gnoll barely misses you.
The gnoll bouda hits you with a +0 whip!
* * * LOW HITPOINT WARNING * * *
Your attacks no longer feel as feeble.
You see here a +0 whip.
The gnoll bouda gazes fiercely through you!
You feel your attacks grow feeble.
The gnoll bouda attacks as you move away!
The gnoll bouda barely misses you.
You hit the gnoll bouda but do no damage.
The gnoll bouda is moderately wounded.
The gnoll bouda hits you but does no damage.
The gnoll hits you from afar with a +0 halberd.
* * * LOW HITPOINT WARNING * * *
You hit the gnoll bouda. Your headbutt misses the gnoll bouda.
The gnoll bouda is severely wounded.
The gnoll closely misses you. The gnoll bouda completely misses you.
The gnoll hits you with a +0 halberd.
* * * LOW HITPOINT WARNING * * *
You hit the gnoll.
The gnoll is moderately wounded.
The gnoll bouda hits you with a +0 whip.
You die...

## .# ###
.############# ##..
.............####g#
###.###......).g@.#
#.# #.##.######.#
#.# #.#.... ##...#
#.# #.#..#..#
#...... #.#
#.#..#...# .##.##
... #.#..# #+# # #
.#. #.#..# ...


You could see a gnoll bouda and a gnoll (swift).

Vanquished Creatures
  A jelly (D:4)
  Crazy Yiuf (D:2)
  An iguana (D:3)
  Natasha (thrice) (D:2)
  2 gnolls (D:4)
  2 adders (D:2)
  A worm (D:2)
  2 dart slugs
  2 orcs
  6 ball pythons
  7 endoplasms
  4 giant cockroaches
  10 goblins
  5 hobgoblins
  9 jackals
  3 quokkas
  3 bats
  3 frilled lizards (D:3)
  5 kobolds
  7 rats
77 creatures vanquished.

Notes
Turn   | Place    | Note
-------+----------+-------------------------------------------
     0 | D:1      | GigaChad the Minotaur Fighter began the quest for the Orb.
     0 | D:1      | Reached XP level 1. HP: 19/19 MP: 0/0
   292 | D:1      | Reached XP level 2. HP: 27/27 MP: 1/1
   735 | D:1      | Reached XP level 3. HP: 33/33 MP: 2/2
  1711 | D:2      | Found a faded altar of an unknown god.
  1848 | D:2      | Found a runed translucent door.
  1849 | D:2      | Noticed Crazy Yiuf
  1858 | D:2      | Killed Crazy Yiuf
  1859 | D:2      | Reached skill level 5 in Shields
  1859 | D:2      | Reached XP level 4. HP: 7/40 MP: 3/3
  2309 | D:2      | Noticed Natasha
  2315 | D:2      | Killed Natasha
  2329 | D:2      | Noticed Natasha
  2341 | D:2      | Killed Natasha
  2371 | D:2      | Noticed Natasha
  2377 | D:2      | Killed Natasha
  2378 | D:2      | Reached XP level 5. HP: 17/47 MP: 4/4
  3121 | D:3      | Found Reac's Magic Scroll Shop.
  3344 | D:3      | Reached skill level 5 in Maces & Flails
  3732 | D:4      | Reached skill level 5 in Fighting
  3767 | D:4      | Reached XP level 6. HP: 33/56 MP: 5/5
  3808 | D:4      | HP: 2/56 [gnoll/+0 halberd[a gnoll bouda] (2)]
  3811 | D:4      | Slain by a gnoll bouda

Illustrated notes

Levels and vault maps discovered:
D:1:      lightli_arrival_statuegarden, layout_basic, roderic_nine_men_s_morris,
          amcnicky_mini_pool_small
D:2:      layout_basic, hellmonk_ecumenical_altar_heavens_door,
          serial_park_tiny_2, uniq_crazy_yiuf_cottage, uniq_natasha
D:3:      layout_basic, serial_shops, nicolae_shop_crystal,
          grunt_decor_one_mirror, chequers_serial_rivers_large_a
D:4:      layout_loops_ring, nicolae_overflow_crystal_walls,
          minmay_temple_entry_glassed_door, serial_shops, nicolae_lakefront_shop

Skill      XL: |  1  2  3  4  5 |
---------------+----------------+-----
Shields        | 4 5 |  5.0
Maces & Flails | 3 4 5 |  5.1
Armour         | 4 |  4.1
Fighting       | 4 5 |  5.5

Action                   |  1- 3 |  4- 6 || total
-------------------------+-------+-------++-------
Melee: Flail             |    85 |   109 ||   194
       Headbutt          |     9 |    12 ||    21
  Use: Scroll            |     1 |     3 ||     4
Armor: Scale mail        |    42 |    68 ||   110
Dodge: Dodged            |    45 |    59 ||   104
Block: Buckler           |    14 |    25 ||    39
